Map: Ephemeron LE

Players

liquidthermy (uThermal) - Winner!

  • Race: Terran Terran
  • Spawn Location: 5:00

Special

  • Race: Terran Terran
  • League: Master
  • Spawn Location: 11:00

Event: HomeStory Cup XX

VOD

Have the link to the VOD?

Description

Time

  • Played on: Nov. 22, 2019, 4:31 p.m.
  • Length: 10:07

All games in this series

Show
View Real Time Build Order
Export as new Build Order

liquidthermy Terran - Winner!

Build Orders: Gas First Reaper Expand, Liberator Opening 

Get SALT Encoding   

  12  0:02  SCV  
  13  0:14  SCV  
  13  0:19  Supply Depot  
  14  0:26  SCV  
  14  0:28  Refinery  
  15  0:40  SCV  
  16  0:44  Barracks  
  16  0:53  SCV  
  17  1:05  SCV  
  18  1:17  SCV  
  19  1:31  Orbital Command, Reaper  
  20  1:45  Command Center  
  20  1:57  SCV  
  21  2:01  Factory  
  21  2:05  Barracks Reactor  
  21  2:10  SCV  
  21  2:14  Supply Depot  
  22  2:22  SCV  
  23  2:24  Refinery  
  23  2:35  SCV  
  24  2:46  Starport  
  24  2:48  SCV  
  24  2:51  Hellion x2  
  29  3:00  SCV  
  29  3:02  Orbital Command  
  29  3:05  Liberator  
  30  3:12  Hellion x2  
  34  3:13  SCV  
  38  3:28  Supply Depot  
  38  3:29  SCV x2  
  42  3:34  Hellion  
  42  3:38  Hellion  
  44  3:41  SCV x2  
  46  3:53  SCV  
  46  3:54  Barracks Tech Lab, SCV  
  50  3:55  Hellion  
  50  3:58  Refinery  
  50  3:59  Hellion  
  50  4:02  Supply Depot  
  52  4:05  SCV  
  52  4:06  SCV  
  54  4:24  Supply Depot, SCV x2, Raven  
  58  4:29  Marine x2, Factory Tech Lab  
  60  4:36  SCV x2  
  56  4:47  Marine x2  
  56  4:48  SCV x2  
  52  5:00  SCV x2  
  52  5:01  Siege Tank  
  52  5:05  Marine x2  
  59  5:12  SCV x2, Raven  
  59  5:13  Command Center  
  59  5:17  Refinery  
  57  5:23  Marine x2  
  57  5:24  SCV x2  
  58  5:29  Supply Depot  
  58  5:33  Siege Tank  
  61  5:36  SCV x2  
  61  5:41  Marine x2  
  65  5:43  Supply Depot  
  65  5:49  SCV x2  
  67  5:54  Armory  
  67  5:55  Armory  
  67  6:01  SCV x2  
  67  6:02  Viking  
  67  6:03  Viking  
  73  6:05  Siege Tank  
  74  6:13  SCV x2  
  74  6:14  Marine  
  77  6:25  SCV x2  
  79  6:27  SCV  
  80  6:32  Viking x2  
  80  6:36  Engineering Bay  
  80  6:37  Siege Tank, SCV x2  
  80  6:38  Supply Depot  
  89  6:45  Orbital Command  
  89  6:47  Terran Vehicle Weapons Level 1  
  89  6:48  Terran Vehicle And Ship Armor Level 1  
  89  6:49  SCV  
  89  6:52  SCV  
  91  7:01  SCV  
  91  7:02  Viking  
  91  7:04  Missile Turret  
  91  7:08  Viking  
  96  7:09  Missile Turret  
  96  7:14  SCV  
  97  7:16  Refinery  
  97  7:20  Refinery  
  97  7:22  SCV  
  89  7:25  Siege Tank  
  90  7:30  Orbital Command  
  90  7:32  Viking  
  90  7:34  SCV  
  90  7:37  SCV  
  93  7:38  Viking  
  95  7:46  SCV  
  95  7:49  SCV  
  95  7:57  Siege Tank  
  95  7:58  SCV  
  99  8:00  SCV  
  99  8:01  Factory, SCV  
  99  8:02  Factory  
  99  8:03  Viking  
  99  8:05  Missile Turret  
  103  8:09  Viking, Supply Depot  
  103  8:10  SCV  
  103  8:12  SCV  
  107  8:17  Barracks Reactor  
  107  8:20  Supply Depot  
  107  8:29  Command Center  
  107  8:30  Siege Tank  
  107  8:33  Viking  
  112  8:39  Viking  
  112  8:40  Supply Depot  
  114  8:45  Thor  
  120  8:51  Supply Depot  
  120  8:53  Supply Depot  
  120  8:58  Hellion x2  
  120  9:01  Supply Depot  
  120  9:02  Thor  
  130  9:03  Supply Depot  
  130  9:05  Viking  
  131  9:10  Viking  
  131  9:15  Sensor Tower  
  133  9:20  Hellion, Supply Depot  
  133  9:21  Hellion  
  136  9:30  Supply Depot  
  136  9:36  Hellion  
  138  9:45  Hellion  
Show
View Real Time Build Order
Export as new Build Order

Special Terran 

Build Orders: Gas First Reaper Expand 

Get SALT Encoding   

  12  0:00  SCV  
  13  0:12  SCV  
  14  0:17  Supply Depot  
  14  0:25  SCV  
  15  0:30  Refinery  
  15  0:38  SCV  
  16  0:44  Barracks  
  16  0:50  SCV  
  17  1:02  SCV  
  18  1:15  SCV  
  19  1:32  Orbital Command, Reaper  
  20  1:45  Command Center  
  20  1:56  Factory  
  20  2:00  SCV  
  21  2:07  Barracks Reactor  
  21  2:12  SCV  
  21  2:15  Supply Depot  
  22  2:21  Refinery  
  22  2:24  SCV  
  23  2:36  SCV  
  23  2:40  Hellion  
  24  2:44  Starport  
  24  2:45  Marine  
  24  2:48  Marine  
  24  2:50  SCV  
  27  3:02  SCV  
  27  3:05  Factory Tech Lab  
  28  3:07  Marine x2  
  30  3:14  SCV  
  30  3:26  SCV  
  31  3:27  Marine x2  
  31  3:30  Refinery  
  31  3:33  Raven  
  35  3:35  Orbital Command  
  35  3:38  Factory Tech Lab, SCV  
  36  3:46  Marine x2  
  38  3:50  SCV  
  39  3:59  Siege Tank  
  42  4:03  SCV  
  42  4:05  SCV  
  46  4:11  Supply Depot  
  46  4:15  Liberator, SCV  
  45  4:20  Supply Depot, SCV  
  46  4:32  Viking, SCV  
  46  4:34  SCV  
  46  4:36  Supply Depot  
  46  4:37  Marine  
  54  4:44  SCV  
  51  4:46  SCV  
  43  4:55  Marine  
  43  4:57  SCV  
  43  4:58  SCV  
  41  5:09  SCV  
  41  5:11  SCV  
  41  5:13  Marine  
  43  5:22  SCV  
  43  5:24  SCV  
  44  5:31  Viking  
  46  5:37  SCV x2  
  46  5:39  Viking  
  46  5:41  Marine  
  51  5:47  Siege Tank  
  51  5:49  SCV  
  55  5:51  SCV  
  56  5:59  Marine  
  56  6:01  SCV  
  56  6:03  SCV  
  59  6:08  Supply Depot  
  59  6:12  Viking  
  59  6:13  SCV  
  59  6:15  SCV  
  59  6:17  Viking  
  65  6:21  Marine  
  66  6:26  SCV  
  66  6:27  SCV  
  66  6:31  Supply Depot  
  68  6:38  SCV  
  69  6:41  Siege Tank  
  69  6:42  Marine  
  69  6:43  SCV  
  71  6:50  SCV  
  72  6:55  SCV  
  72  6:59  Viking x2  
  77  7:02  Command Center, SCV  
  77  7:03  Marine  
  80  7:08  SCV  
  80  7:09  Supply Depot  
  80  7:13  Siege Tank  
  80  7:14  SCV  
  81  7:22  SCV  
  73  7:29  Viking x2  
  75  7:30  SCV  
  75  7:33  Refinery  
  75  7:34  SCV  
  76  7:41  Factory  
  76  7:42  SCV  
  76  7:47  SCV  
  75  7:54  SCV  
  76  7:59  Viking x2, SCV  
  81  8:06  SCV  
  81  8:07  Siege Tank  
  81  8:11  SCV  
  86  8:15  Orbital Command  
  86  8:18  SCV  
  87  8:23  SCV  
  87  8:26  Command Center  
  88  8:30  SCV  
  88  8:33  Viking x2  
  92  8:35  SCV  
  92  8:39  Siege Tank  
  92  8:40  Supply Depot x2  
  96  8:42  SCV x2  
  96  8:47  Siege Tank, SCV  
  102  8:52  Refinery x2  
  102  8:54  SCV x2  
  104  8:59  SCV  
  105  9:06  SCV x2  
  105  9:08  Viking  
  109  9:11  Siege Tank, SCV  
  109  9:14  Viking  
  115  9:18  SCV  
  115  9:19  SCV  
  115  9:21  Siege Tank  
  115  9:23  SCV  
  121  9:30  SCV  
  122  9:33  SCV  
  122  9:35  SCV  
  124  9:45  SCV  
  122  9:48  SCV x2  
Tags
 
Add a new tag
Caveats
  • Supply blocks, unpowered buildings, or Contaminate may cause inaccurate times.
  • Supply counts are checked every 10 seconds.